 Dungeon Crawl Stone Soup version 0.27.1-3-gb3d3a73c9e (webtiles) character file.

Game seed: 15538209009640498175

13 raph the Sneak (level 2, -1/15 HPs)
             Began as a Kobold Enchanter on Oct 6, 2021.
             Slain by a ball python (3 damage)
             ... on level 1 of the Dungeon.
             The game lasted 00:01:38 (596 turns).

raph the Sneak (Kobold Enchanter)                    Turns: 596, Time: 00:01:39

Health: -1/15      AC:  2    Str:  5    XL:     2   Next: 50%
Magic:  1/5        EV: 12    Int: 16    God:
Gold:   47         SH:  0    Dex: 15    Spells: 2/5 levels left

rFire    . . .     SeeInvis .   a - +1 dagger
rCold    . . .     Faith    .   (shield restricted)
rNeg     . . .     Spirit   .   b - +0 robe
rPois    .         Reflect  .   (no helmet)
rElec    .         Harm     .   (no cloak)
rCorr    .         Rampage  .   (no gloves)
Will     .....                  (no boots)
Stlth    ++++......             (no amulet)
HPRegen  0.05/turn              (no ring)
MPRegen  0.09/turn              (no ring)

@: constricted
A: small, no large weapons, nightstalker 3
a: no special abilities


You were on level 1 of the Dungeon.
You visited 1 branch of the dungeon, and saw 1 of its levels.

You collected 47 gold pieces.

Inventory:

Hand Weapons
 a - a +1 dagger (weapon)
Armour
 b - a +0 robe (worn)
Scrolls
 g - a scroll of torment {unknown}
Potions
 c - a potion of berserk rage {unknown}
 d - a potion of curing {unknown}
 e - a potion of degeneration {unknown}
 f - a potion of heal wounds {unknown}


   Skills:
 * Level 2.2 Short Blades
 + Level 2.6 Dodging
 + Level 4.2 Stealth
 + Level 2.2 Spellcasting
 * Level 3.1 Hexes


You had 2 spell levels left.
You knew the following spells:

 Your Spells              Type           Power      Damage    Failure   Level
a - Corona                Hex            13%        N/A       5%          1
b - Ensorcelled Hibernat  Hex/Ice        12%        N/A       16%         2

Your spell library contained the following spells:

 Spells                   Type           Power      Damage    Failure   Level
 Confusing Touch          Hex            12%        N/A       16%         3
 Tukima's Dance           Hex            12%        N/A       16%         3
 Dazzling Flash           Conj/Hex       12%        N/A       32%         3


Dungeon Overview and Level Annotations

Branches:
Dungeon (1/15)

Altars:


Innate Abilities, Weirdness & Mutations

You are small and have problems with some larger weapons.
You are completely attuned to the shadows.


Message History

Aiming: Ensorcelled Hibernation (safe; 16% risk of failure)
Press: ? - help, Shift-Dir - straight line, f/p - ball python
Aim: a ball python (heavily wounded, chance to affect: 55%)
You miscast Ensorcelled Hibernation.
You are very lightly contaminated with residual magic.
Nothing appears to happen.
The ball python closely misses you. The ball python grabs you.
The ball python constricts you.
Casting: Ensorcelled Hibernation (safe; 16% risk of failure)
Confirm with . or Enter, or press ? or * to list all spells.
Aiming: Ensorcelled Hibernation (safe; 16% risk of failure)
Press: ? - help, Shift-Dir - straight line, f/p - ball python
Aim: a ball python (heavily wounded, constricting you, chance to affect: 55%)
The ball python resists with significant effort.
The ball python closely misses you. The ball python constricts you.
* * * LOW HITPOINT WARNING * * *
You escape the ball python's grasp.
The ball python bites you.
* * * LOW HITPOINT WARNING * * *
The ball python grabs you. The ball python constricts you.
You escape the ball python's grasp.
Your magical contamination has completely faded away.
You see here a dart slug corpse.
Casting: Ensorcelled Hibernation (safe; 16% risk of failure)
Confirm with . or Enter, or press ? or * to list all spells.
Aiming: Ensorcelled Hibernation (safe; 16% risk of failure)
Press: ? - help, Shift-Dir - straight line, f/p - ball python
Aim: a ball python (moderately wounded, chance to affect: 55%)
The ball python resists with significant effort.
The ball python barely misses you. The ball python closely misses you.
The ball python closely misses you. The ball python barely misses you.
Found a whip.
The ball python closely misses you. x2
The ball python barely misses you. The ball python grabs you.
The ball python constricts you.
* * * LOW HITPOINT WARNING * * *
The ball python's grasp on you weakens, but your attempt to escape fails.
The ball python bites you but does no damage.
The ball python constricts you.
The ball python's grasp on you weakens, but your attempt to escape fails.
The ball python bites you.
You die...

#.# .. #.# #. #.# # #†#####
## #..g..# ##)...# #########
#. #.....# #.....#
#...8...###. #..†..# ##.....#
..8.<.8..##.
#.....###......#8.........8#.
#.........KS@.....8..(..8....
#........g.....#8.........8#.
#..............# ..8...8..##.
#......####....# ...8...###.
#†.....# #....# ### #.
#..###.# ## ####..###.#
################# #.......#.#
##................
#.......#.###
#.....##..........


You could see a hobgoblin, a ball python and a kobold.

Vanquished Creatures
  A dart slug (D:1)
  An endoplasm (D:1)
  3 hobgoblins (D:1)
  A quokka (D:1)
  2 ball pythons (D:1)
  A frilled lizard (D:1)
  A kobold (D:1)
  A rat (D:1)
11 creatures vanquished.

Notes
Turn   | Place    | Note
-------+----------+-------------------------------------------
     0 | D:1      | raph the Kobold Enchanter began the quest for the Orb.
     0 | D:1      | Reached XP level 1. HP: 10/10 MP: 3/3
   354 | D:1      | Found a faded altar of an unknown god.
   411 | D:1      | Reached XP level 2. HP: 15/15 MP: 5/5
   425 | D:1      | Learned a level 2 spell: Ensorcelled Hibernation
   596 | D:1      | Slain by a ball python

Illustrated notes

Levels and vault maps discovered:
D:1:      erik_arrival_orb_chamber, layout_rooms,
          shapermc_ecumenical_altar_starsandcircs, serial_bayou_pond_d,
          st_stairs_8, minmay_misc_feat_columns

Skill      XL: |  1  2 |
---------------+-------+-----
Short Blades   | 2 |  2.2
Dodging        | |  2.6
Stealth        | |  4.2
Spellcasting   | |  2.2
Hexes          | |  3.1

Action                   || total
-------------------------++-------
Melee: Dagger            ||    42
 Cast: Corona            ||     4
       Ensorcelled Hiber ||     2
 Stab: Sleeping          ||     8
Armor: Robe              ||     7
Dodge: Dodged            ||    42
